 Dungeon Crawl Stone Soup version 0.28.0-53-g5a82cb258f (webtiles) character file.

Game seed: 17753050524127184932

18 fingers the Skirmisher (level 2, 0/26 HPs)
             Began as a Draconian Berserker on May 20, 2022.
             Was a Follower of Trog.
             Succumbed to an adder's poison
             ... on level 2 of the Dungeon.
             The game lasted 00:02:25 (593 turns).

fingers the Skirmisher (Draconian Berserker)         Turns: 593, Time: 00:02:25

Health: 0/26       AC:  4    Str: 19    XL:     2   Next: 51%
Magic:  2/2        EV: 12    Int:  7    God:    Trog [*.....]
Gold:   3          SH:  5    Dex: 10    Spells: 1/1 levels left

rFire   . . .      SeeInvis +   f - +0 flail
rCold   . . .      Faith    .   (no shield)
rNeg    . . .      Spirit   .   (armour unavailable)
rPois   .          Reflect  +   (helmet restricted)
rElec   .          Harm     .   i - scarf {repulsion}
rCorr   .          Rampage  .   (no gloves)
Will    .....                   (no boots)
Stlth   +.........              e - amulet of reflection
HPRegen 0.08/turn               b - ring of see invisible
MPRegen 0.08/turn               (no ring)

@: lethally poisoned (0 -> -1), repel missiles
A: AC +4, unfitting armour, cold-blooded
a: Renounce Religion, Berserk


You were on level 2 of the Dungeon.
You worshipped Trog.
Trog was aware of your devotion.
You visited 1 branch of the dungeon, and saw 2 of its levels.

You collected 3 gold pieces.

Inventory:

Hand Weapons
 a - a +0 mace
 f - a +0 flail (weapon)
Missiles
 d - 6 poisoned darts (quivered)
Armour
 c - a +0 ring mail
 i - a scarf of repulsion (worn)
Jewellery
 b - a ring of see invisible (left hand)
 e - an amulet of reflection (around neck)
Scrolls
 h - a scroll of teleportation {unknown}
Potions
 g - a potion of might {unknown}


   Skills:
 + Level 3.5 Fighting
 + Level 3.5 Maces & Flails
 + Level 2.9 Dodging


You had one spell level left.
You didn't know any spells.
Your spell library was empty.

Dungeon Overview and Level Annotations

Branches:
Dungeon (2/15)

Altars:


Innate Abilities, Weirdness & Mutations

Your plain brown scales are hard. (AC +4)
You cannot fit into any form of body armour.
You are cold-blooded and may be slowed by cold attacks.


Message History

You block the frilled lizard's attack.
A rat comes into view.
The frilled lizard closely misses you. The frilled lizard closely misses you.
You hit the frilled lizard.
You kill the frilled lizard!
Trog accepts your kill. You block the adder's attack.
You closely miss the adder.
Your tail-slap misses the adder.
The adder closely misses you. The adder barely misses you.
You closely miss the adder.
Your tail-slap misses the adder.
The adder closely misses you. The rat bites you.
You closely miss the adder. The adder barely misses you.
The adder bites you but does no damage. The rat bites you.
You closely miss the adder. The adder bites you.
You are poisoned.
The adder poisons you! The rat closely misses you.
You barely miss the adder.
You feel very sick. The adder bites you but does no damage. The rat misses you.
The adder bites you but does no damage.
You barely miss the adder.
You feel sick. The adder bites you. The rat barely misses you.
The adder closely misses you. The rat misses you.
You miss the adder.
You feel sick. The adder bites you.
You are more poisoned.
The adder poisons you! The rat bites you but does no damage.
You miss the adder.
You feel sick. The adder bites you.
* * * LOW HITPOINT WARNING * * *
The rat bites you but does no damage. The adder barely misses you.
You closely miss the adder.
* * * LOW HITPOINT WARNING * * *
You feel sick. You block the adder's attack. You block the rat's attack.
You block the adder's attack.
* * * LOW HITPOINT WARNING * * *
You feel sick. You block the adder's attack.
* * * LOW HITPOINT WARNING * * *
You feel sick.
* * * LOW HITPOINT WARNING * * *
You feel sick.
You die...

#...........# #.
#.######..)#. #.
#.# #..).#
#.#####.######...#.
#.#...........#####
# #.#.#...#####.#
##.#.#.#.### #.
###........#### #.
.......@.r....###..
###......S.........
#.#.......$..##[.
#.............#
####.............
##.......>.###
####.....## #......
#.#.....


You could see an adder and a rat.

Vanquished Creatures
  A bat (D:1)
  2 endoplasms (D:1)
  2 giant cockroaches (D:1)
  2 goblins (D:2)
  3 hobgoblins (D:1)
  A quokka (D:2)
  3 ball pythons
  A frilled lizard (D:2)
15 creatures vanquished.

Notes
Turn   | Place    | Note
-------+----------+-------------------------------------------
     0 | D:1      | fingers the Draconian Berserker began the quest for the
                  | Orb.
     0 | D:1      | Reached XP level 1. HP: 19/19 MP: 1/1
   258 | D:1      | Reached XP level 2. HP: 21/26 MP: 2/2
   592 | D:2      | HP: 1/26 [poisoned by an adder]
   593 | D:2      | Succumbed to an adder's poison

Illustrated notes

Levels and vault maps discovered:
D:1:      lemuel_arrival_rhombus, layout_rooms, nicolae_figureground_pulse
D:2:      layout_loops_ring, serial_shops, nicolae_lakefront_shop

Action                   || total
-------------------------++-------
Melee: Mace              ||    23
       Tailslap          ||     5
       Flail             ||    26
Armor: Skin              ||    20
Dodge: Dodged            ||    40
Block: Other             ||    11
